 Dungeon Crawl Stone Soup version 0.31.0-12-g77e489cdc1 (webtiles) character file.

Game seed: 3797781055678970355

58 GeoRichter the Poker (level 4, 0/34 HPs)
             Began as a Human Reaver on Feb 19, 2024.
             Incinerated by a bombardier beetle (4 damage)
             ... with a burning spray
             ... on level 3 of the Dungeon.
             The game lasted 00:02:39 (1350 turns).

GeoRichter the Poker (Human Reaver)                 Turns: 1350, Time: 00:02:39

Health: 0/34       AC:  9    Str: 14    XL:     4   Next: 1%
Magic:  7/7        EV:  8    Int: 13    God:
Gold:   153        SH:  3    Dex: 12    Spells: 6/7 levels left

rFire   x . .        a - +0 spear
rCold   + + .        f - +0 buckler
rNeg    . . .        k - +0 ice dragon scales
rPois   .            (no helmet)
rElec   .            (no cloak)
rCorr   .            (no gloves)
SInv    .            (no boots)
Will    +....        (no amulet) Stlth
                     (no ring)
HPRegen 0.25/turn    (no ring)
MPRegen 0.10/turn

%: no passive effects
@: on fire, enlightened, flying, glowing
A: explore regen
a: no special abilities


You were on level 3 of the Dungeon.
You visited 1 branch of the dungeon, and saw 3 of its levels.

You collected 153 gold pieces.

Inventory:

Hand Weapons
 a - a +0 spear (weapon)
Armour
 b - a +0 leather armour
 f - a +0 buckler (worn)
   (You found it on level 1 of the Dungeon)
 k - +0 ice dragon scales (worn)
   (You found it on level 3 of the Dungeon)
Scrolls
 d - 2 scrolls of revelation {unknown}
 e - 2 scrolls of identify {unknown}
 g - a scroll of teleportation {unknown}
Potions
 c - 2 potions of curing {unknown}
 h - a potion of ambrosia {unknown}
 i - a potion of might {unknown}
 j - a potion of enlightenment
 l - a potion of attraction {unknown}


   Skills:
 + Level 2.8 Fighting
 * Level 4.2 Polearms
 - Level 2.0 Dodging
 - Level 2.0 Spellcasting
 - Level 3.0 Conjurations


You had 6 spell levels left.
You knew the following spells:

 Your Spells              Type           Power      Damage    Failure   Level
a - Kiss of Death         Conj/Necr      20%        2d7       75%         1

Your spell library contained the following spells:

 Spells                   Type           Power      Damage    Failure   Level
 Momentum Strike          Conj/Tloc      10%        3d8       87%         2
 Hailstorm                Conj/Ice       5%         3d5       98%         3
 Stone Arrow              Conj/Erth      10%        3d7       98%         3
 Animate Armour           Summ/Erth      2%         N/A       100%        4
 Lehudib's Crystal Spear  Conj/Erth      2%         10d2      100%        8


Dungeon Overview and Level Annotations

Branches:
Dungeon (3/15) Zot: 16657

Altars:


Innate Abilities, Weirdness & Mutations

You regain HP and MP as you explore.


Message History

You closely miss the hobgoblin.
The hobgoblin is moderately wounded.
You completely miss the hobgoblin.
The hobgoblin is moderately wounded.
The goblin completely misses you. The hobgoblin closely misses you.
You hit the hobgoblin.
You kill the hobgoblin!
The goblin barely misses you.
You hit the goblin.
You kill the goblin!
You have reached level 4!
You feel agile.
Press: ? - help, . - travel You can't see that place. [a rock wall.]
You start waiting.
A bombardier beetle is nearby!
You reach to attack!
You hit the bombardier beetle but do no damage.
You hit the bombardier beetle.
The bombardier beetle is lightly wounded.
You hit the bombardier beetle.
The bombardier beetle is moderately wounded.
The bombardier beetle sprays incendiary fluid at you.
The burning spray hits you.
You are covered in liquid fire!
You hit the bombardier beetle but do no damage.
The bombardier beetle is moderately wounded.
The liquid fire burns you! The bombardier beetle bites you.
You hit the bombardier beetle but do no damage.
The bombardier beetle is moderately wounded.
The liquid fire burns you!
You are too injured to fight recklessly!
You are too injured to fight recklessly!
You barely miss the bombardier beetle.
The bombardier beetle is moderately wounded.
The liquid fire burns you!
* * * LOW HITPOINT WARNING * * *
The bombardier beetle bites you.
* * * LOW HITPOINT WARNING * * *
You hit the bombardier beetle.
The bombardier beetle is moderately wounded.
The liquid fire burns you!
* * * LOW HITPOINT WARNING * * *
It was a potion of enlightenment.
You feel very buoyant.
You fly up into the air.
The liquid fire burns you!
You die...

#..#.#.......
########..##..).....
#.....##.#.......... +.
# #.##............
+..##. #......B......##
+.....###.###(##...####
#.....# #.......#
###B### ####...## #@#
##.## ######### ###.#
.# #.......# #...#
##.....## #.###
####...#### #.#
#....)....# #.###
##.###†###.# #.#.##
#.<.##†###.###....####
.....................+


You could see a bombardier beetle.

Vanquished Creatures
  3 dart slugs
  4 endoplasms
  2 giant cockroaches (D:1)
  4 goblins
  7 hobgoblins
  3 jackals (D:1)
  4 kobolds
  2 quokkas
  9 ball pythons
  2 bats
  4 frilled lizards
  3 rats
47 creatures vanquished.

Notes
Turn   | Place    | Note
-------+----------+-------------------------------------------
     0 | D:1      | GeoRichter the Human Reaver began the quest for the Orb.
     0 | D:1      | Reached XP level 1. HP: 16/16 MP: 3/3
   163 | D:1      | Reached XP level 2. HP: 21/22 MP: 5/5
   437 | D:1      | Reached XP level 3. HP: 28/28 MP: 6/6
   551 | D:1      | Found a faded altar of an unknown god.
   783 | D:2      | Reached skill level 4 in Polearms
  1319 | D:3      | Reached XP level 4. HP: 33/34 MP: 7/7
  1350 | D:3      | Incinerated by a bombardier beetle

Illustrated notes

Levels and vault maps discovered:
D:1:      dpeg_arrival_simpleton_b, layout_rooms,
          shapermc_ecumenical_altar_notcrosses, serial_bayou_pond_e,
          minmay_tiny_reverse_x
D:2:      cheibrodos_old_hovel, layout_rooms
D:3:      cheibrodos_fertilizer, layout_loops_corners,
          minmay_misc_feat_secret_circle, minmay_between

Skill      XL: |  1  2  3 |
---------------+----------+-----
Polearms       | 4 |  4.2
Fighting       | |  2.8
Dodging        | |  2.0
Spellcasting   | |  2.0
Conjurations   | |  3.0

Action                     |  1- 3 |  4- 6 || total
---------------------------+-------+-------++-------
  Melee: Spear             |   178 |     7 ||   185
         Punch             |     1 |       ||     1
    Use: Potion            |       |     1 ||     1
   Stab: Sleeping          |     1 |       ||     1
 Armour: Leather armour    |    66 |       ||    66
         Ice dragon scales |     9 |     2 ||    11
  Dodge: Dodged            |    77 |       ||    77
  Block: Buckler           |    18 |       ||    18
